 Dungeon Crawl Stone Soup version 0.27-a0-362-g8331d79 (webtiles) character file.

Game seed: 637641859903579807

7254 MrTaco21 the Basher (level 11, 0/60 HPs)
             Began as a Gargoyle Fighter on Feb 16, 2021.
             Was an Initiate of Okawaru.
             Killed by divine providence
             ... invoked by an orc priest
              (15 damage)
             ... on level 9 of the Dungeon.
             The game lasted 00:12:15 (9969 turns).

MrTaco21 the Basher (Gargoyle Fighter)              Turns: 9969, Time: 00:12:16

Health: 0/60       AC: 25    Str: 29    XL:     11   Next: 12%
Magic:  11/11      EV:  9    Int:  9    God:    Okawaru [......]
Gold:   314        SH: 12    Dex:  9    Spells: 10/10 levels left

rFire    + . .     SeeInvis .   w - +3 flail (protect)
rCold    . . .     Faith    .   c - +0 kite shield
rNeg     + . .     Spirit   .   H - +4 scale mail "Capeqos" {Rampage rF+ Str+6}
rPois    ∞         Reflect  .   y - +0 helmet
rElec    +         Harm     .   F - +0 cloak
rCorr    .         Rampage  +   (no gloves)
Will     .....                  (no boots)
Stlth    ..........             (no amulet)
HPRegen  0.20/turn              m - +4 ring of slaying
MPRegen  0.12/turn              B - +4 ring of protection

@: no status effects
A: negative energy resistance 1, electricity resistance, unbreathing,
petrification resistance, miasma immunity, AC +8
a: Renounce Religion


You were on level 9 of the Dungeon.
You worshipped Okawaru.
Okawaru was noncommittal.
You visited 2 branches of the dungeon, and saw 11 of its levels.

You collected 464 gold pieces.
You spent 150 gold pieces at shops.

Inventory:

Hand Weapons
 w - a +3 flail of protection (weapon)
   (You took it off Edmund on level 6 of the Dungeon)
 K - a +0 demon whip
   (You bought it in a shop on level 9 of the Dungeon)
Missiles
 n - 18 poisoned darts (quivered)
Armour
 c - a +0 kite shield (worn)
 y - a +0 helmet (worn)
   (You found it on level 6 of the Dungeon)
 F - a +0 cloak (worn)
   (You found it on level 7 of the Dungeon)
 H - the +4 scale mail "Capeqos" (worn) {Rampage rF+ Str+6}
   (You found it on level 8 of the Dungeon)

   It affects your strength (+6).
   It protects you from fire.
   It bestows one free step when moving towards enemies.
Jewellery
 m - a +4 ring of slaying (left hand)
   (You found it on level 3 of the Dungeon)
 B - a +4 ring of protection (right hand)
   (You found it on level 7 of the Dungeon)
Wands
 d - a wand of iceblast (19)
   (You found it on level 7 of the Dungeon)
 t - a wand of flame (19)
   (You found it on level 6 of the Dungeon)
 u - a wand of paralysis (3)
   (You took it off Erolcha on level 9 of the Dungeon)
 v - a wand of digging (7)
   (You took it off Blork the orc on level 6 of the Dungeon)
 I - a wand of polymorph (10)
   (You found it on level 9 of the Dungeon)
Scrolls
 a - a scroll of magic mapping
 e - a scroll of blinking {unknown}
 f - 3 scrolls of fear
 h - a scroll of random uselessness {unknown}
 l - 9 scrolls of teleportation {@r4}
 p - 2 scrolls of amnesia
 q - 3 scrolls of fog
 s - a scroll of enchant armour
 x - a scroll of torment {unknown}
Potions
 b - a potion of resistance {unknown}
 i - 4 potions of curing {@q1}
 j - a potion of brilliance {unknown}
 k - a potion of haste {unknown}
 r - a potion of attraction {unknown}
 z - a potion of mutation {unknown}
 A - 4 potions of lignification {!q}
 C - a potion of magic {unknown}
 D - 2 potions of might
 E - a potion of invisibility {unknown}
 G - a potion of ambrosia {unknown}
 J - a potion of berserk rage


   Skills:
 - Level 3.2 Fighting
 - Level 14.0 Maces & Flails
 - Level 3.2 Armour
 + Level 10.0 Shields


You had 10 spell levels left.
You didn't know any spells.
Your spell library contained the following spells:

 Spells                   Type           Power        Failure   Level
 Poisonous Vapours        Pois/Air       0%           94%         2
 Conjure Flame            Conj/Fire      0%           99%         3
 Mephitic Cloud           Conj/Pois/Air  0%           99%         3
 Freezing Cloud           Conj/Ice/Air   0%           100%        6


Dungeon Overview and Level Annotations

Branches:
Dungeon (10/15)            Temple (1/1) D:5
   Lair: D:8-11         Orc: D:9-12

Altars:
Ashenzari
Cheibriados
Dithmenos
Elyvilon
Fedhas
Gozag
Hepliaklqana
Kikubaaqudgha
Makhleb
Nemelex Xobeh
Okawaru
Qazlal
Ru
Sif Muna
Trog
Uskayaw
Vehumet
Wu Jian
Xom
Yredelemnul
Zin
The Shining One

Shops:
D:9 *


Innate Abilities, Weirdness & Mutations

You are resistant to torment.
Your stone body is resilient. (AC +8)
You are immune to poison.
You resist negative energy. (rN+)
You are resistant to electric shocks. (rElec)
You can survive without breathing.
You are immune to petrification.
You are immune to miasma.


Message History

You block the bullfrog's attack. The howler monkey barely misses you.
The howler monkey hits you but does no damage.
You hear a croak.
You hear a loud, deep croak!
You hear an angry buzzing noise. x2
You hear a howl!
You climb upwards.
Reactivating autopickup.
There is a stone staircase leading down here.
You barely miss the bullfrog.
The bullfrog hits you but does no damage.
The howler monkey hoots and howls with incredible vigour!
You block the howler monkey's attack.
You sock the bullfrog!
Your weapon exudes an aura of protection.
The bullfrog hits you but does no damage.
You block the bullfrog's attack.
Unknown command.
You sock the bullfrog!
You kill the bullfrog!
Okawaru accepts your kill. You block the howler monkey's attack.
Unknown command.
You block the howler monkey's attack.
You see here a bullfrog corpse.
You barely miss the howler monkey.
Unknown command.
You closely miss the howler monkey.
Unknown command.
You bludgeon the howler monkey!!
You kill the howler monkey!
Okawaru accepts your kill.
Your Shields skill increases to level 10!
You rampage towards the howler monkey!
You barely miss the howler monkey. You block the howler monkey's attack.
Unknown command.
You sock the howler monkey! The howler monkey hits you.
* * * LOW HITPOINT WARNING * * *
You closely miss the howler monkey. The howler monkey hits you.
* * * LOW HITPOINT WARNING * * *
You sock the howler monkey!
You kill the howler monkey!
Okawaru accepts your kill.
Unknown command.
You start resting.
An orc priest is nearby!
An orc priest is nearby!
Unknown command.
The orc priest shouts!
The orc priest calls down the wrath of Beogh upon you.
Beogh smites you!
You die...

#................
#.#.#########.#..
#o#.# ##......##.
#.#.###.....#####
#.#..............
#.#####.....###..
##.# ##...## #..
#..# ##.## #..
#@## #.# ##. #>#
#.# #. #.# #.# #.
#.# #.# ## #.#
#.## #.# #..# #.#
##.# #.# #.# #.#
#.##


You could see an orc priest.

Vanquished Creatures
  Erolcha (D:9)
  A two-headed ogre (D:10)
  Pikel (D:4)
  Sigmund (D:6)
  A vampire (D:9)
  3 wraiths (D:8)
  4 yaks (D:9)
  Edmund (D:6)
  A sky beast (D:8)
  2 ice beasts
  2 orc warriors (D:9)
  5 ogres
  A necrophage (D:7)
  A centaur (D:8)
  4 lemures (D:4)
  A phantom (D:4)
  An elf zombie (D:8)
  2 kobold brigands (D:8)
  5 bullfrogs
  Blork the orc (D:6)
  A wyvern zombie (D:8)
  A scorpion (D:2)
  A wyvern skeleton (D:7)
  10 killer bees
  2 wights (D:8)
  6 howler monkeys
  3 human zombies (D:8)
  A centaur skeleton (D:6)
  8 hounds
  6 orc priests
  A jelly (D:7)
  2 bullfrog skeletons
  4 iguanas
  3 orc wizards
  11 worker ants
  3 mummies (D:8)
  A worker ant zombie (D:6)
  3 gnolls (D:6)
  A howler monkey skeleton (D:5)
  6 adders
  2 shadow imps
  2 white imps
  4 ufetubi
  2 adder zombies
  3 adder skeletons
  4 worms
  8 leopard geckos
  40 orcs
  2 ball pythons (D:2)
  6 bats
  11 giant cockroaches
  10 hobgoblins
  6 jackals
  18 kobolds
  3 quokkas
  6 frilled lizards
  7 goblins
  A jackal zombie (D:8)
  3 rats
251 creatures vanquished.

Vanquished Creatures (others)
  5 plants
5 creatures vanquished.

Grand Total: 256 creatures vanquished

Notes
Turn   | Place    | Note
-------+----------+-------------------------------------------
     0 | D:1      | MrTaco21 the Gargoyle Fighter began the quest for the Orb.
     0 | D:1      | Reached XP level 1. HP: 14/14 MP: 1/1
    99 | D:1      | Reached XP level 2. HP: 19/19 MP: 2/2
   128 | D:1      | Reached skill level 3 in Maces & Flails
   395 | D:1      | Reached XP level 3. HP: 22/23 MP: 3/3
  1003 | D:2      | Found a sacrificial altar of Ru.
  1284 | D:2      | Noticed a scorpion
  1298 | D:2      | Killed a scorpion
  1299 | D:2      | Reached skill level 4 in Maces & Flails
  1299 | D:2      | Reached XP level 4. HP: 25/28 MP: 4/4
  1717 | D:3      | Reached skill level 5 in Maces & Flails
  1719 | D:3      | Reached XP level 5. HP: 32/32 MP: 5/5
  2560 | D:4      | Reached skill level 6 in Maces & Flails
  2733 | D:4      | Reached XP level 6. HP: 37/37 MP: 6/6
  2992 | D:4      | Reached skill level 7 in Maces & Flails
  3170 | D:4      | Reached XP level 7. HP: 30/41 MP: 7/7
  4002 | D:5      | Entered Level 5 of the Dungeon
  4003 | D:5      | Noticed Pikel
  4272 | D:4      | Killed Pikel
  4273 | D:4      | Reached skill level 9 in Maces & Flails
  4273 | D:4      | Reached XP level 8. HP: 23/46 MP: 8/8
  4504 | D:5      | Found a staircase to the Ecumenical Temple.
  4577 | Temple   | Entered the Ecumenical Temple
  4801 | D:5      | Found a radiant altar of Vehumet.
  4821 | D:5      | Reached skill level 10 in Maces & Flails
  5171 | D:5      | Found a hazy altar of Hepliaklqana.
  5171 | D:5      | Found a broken altar of Ashenzari.
  5462 | D:6      | Noticed Edmund
  5482 | D:6      | Killed Edmund
  5640 | D:6      | Noticed Sigmund
  5650 | D:6      | Killed Sigmund
  5658 | D:6      | Reached skill level 11 in Maces & Flails
  5702 | D:6      | Reached XP level 9. HP: 49/51 MP: 9/9
  5702 | D:6      | Noticed Blork the orc
  5712 | D:6      | Killed Blork the orc
  6283 | D:7      | Found a burning altar of Makhleb.
  6393 | D:7      | Reached skill level 12 in Maces & Flails
  6727 | D:8      | Found an ancient bone altar of Kikubaaqudgha.
  6806 | D:8      | Reached skill level 13 in Maces & Flails
  7017 | D:8      | Reached XP level 10. HP: 56/56 MP: 10/10
  7825 | D:8      | Got a smoking scale mail
  7827 | D:8      | Identified the +4 scale mail "Capeqos" {Rampage rF+ Str+6}
                  | (You found it on level 8 of the Dungeon)
  7874 | D:8      | Reached skill level 14 in Maces & Flails
  8748 | D:9      | Reached skill level 5 in Shields
  8853 | D:9      | Found a burning altar of Makhleb.
  8853 | D:9      | Found Lutwir's Evil Emporium.
  8928 | D:9      | Noticed Erolcha
  8930 | D:9      | Paralysed by Erolcha for 3 turns
  8943 | D:9      | Killed Erolcha
  9580 | D:9      | Found a bloodstained altar of Trog.
  9580 | D:9      | Found an iron altar of Okawaru.
  9589 | D:9      | Reached XP level 11. HP: 34/60 MP: 11/11
  9593 | D:9      | Became a worshipper of Warmaster Okawaru
  9820 | D:9      | Found a shimmering blue altar of Sif Muna.
  9882 | D:9      | Bought a +0 demon whip for 150 gold pieces
  9925 | D:10     | Entered Level 10 of the Dungeon
  9928 | D:10     | Noticed a two-headed ogre
  9936 | D:10     | Killed a two-headed ogre
  9952 | D:9      | Reached skill level 10 in Shields
  9969 | D:9      | Killed from afar by an orc priest

Illustrated notes

Levels and vault maps discovered:
D:1:      dpeg_arrival_houses_and_road, layout_basic, serial_bayou_ford_a,
          grunt_decor_resistance, hangedman_decor_riveting,
          chequers_decorated_corner
D:2:      cheibrodos_old_hovel, layout_rooms, nicolae_ru_path_of_blood
D:3:      layout_basic
D:4:      layout_loops_corners
D:5:      layout_loops_ring, vehumet_crystals, gammafunk_temple_overflow_statue,
          minmay_temple_entry_mist, dk_rats_in_the_wall, uniq_pikel
D:6:      layout_cave_pools, corexii_checkpoint_a, uniq_blork_the_orc,
          uniq_sigmund, uniq_edmund
D:7:      layout_gridville, lemuel_doored_altar
D:8:      layout_loops_ring, lemuel_mausoleum_altar_kikubaaqudgha
D:9:      layout_loops_ring, grunt_temple_overflow_bloody_war,
          lemuel_blue_sif_altar, enter_bailey_3, nicolae_evil_shop, uniq_erolcha
D:10:     kennysheep_town
Temple:   dshaligram_water_room_temple

Skill      XL: |  1  2  3  4  5  6  7  8  9 10 11 |
---------------+----------------------------------+-----
Maces & Flails | 3 4 5 6 7 9 11 13 14 | 14.0
Shields        | 9 10 | 10.0
Fighting       | |  3.2
Armour         | |  3.2

Action                   |  1- 3 |  4- 6 |  7- 9 | 10-12 || total
-------------------------+-------+-------+-------+-------++-------
Melee: Flail             |   111 |   170 |   291 |   291 ||   863
       Whip              |       |       |    83 |       ||    83
Throw: Dart              |       |       |     4 |     3 ||     7
  Use: Scroll            |       |       |       |    10 ||    10
Armor: Scale mail        |    53 |   113 |   126 |   185 ||   477
Dodge: Dodged            |    36 |    56 |   134 |    76 ||   302
Block: Kite shield       |    53 |   106 |   124 |   150 ||   433

Table legend: (Time is in decaauts)
 A = Elapsed time spent in this place.
 B = Non-inter-level travel time spent in this place.
 C = Inter-level travel time spent in this place.
 D = Time resting spent in this place.
 E = Time spent auto-exploring this place.
 F = Levels seen in this place.
 G = Mean time per level.
                   A        B        C        D        E       F      G
               +--------+--------+--------+--------+--------+-----+--------+
         Total |  10101 |   9715 |    386 |   1463 |   6376 |  11 |  918.3 |
       Dungeon |   9968 |   9604 |    364 |   1463 |   6267 |  10 |  996.8 |
        Temple |    132 |    110 |     22 |      0 |    109 |   1 |  132.0 |
               +--------+--------+--------+--------+--------+-----+--------+

Top non-repeatable levels by time:
     D:4: 1988 daAuts
     D:8: 1599 daAuts
     D:9: 1317 daAuts
     D:5: 903 daAuts
     D:3: 903 daAuts
     D:1: 887 daAuts
     D:7: 801 daAuts
     D:2: 786 daAuts
     D:6: 765 daAuts
  Temple: 132 daAuts
    D:10: 17 daAuts
